 Dungeon Crawl Stone Soup version 0.32-a0-576-g706899e69d (webtiles) character file.

Game seed: 1647796760493141938

2559 hito the Carver (level 9, -2/60 (61) HPs)
             Began as a Coglin Gladiator on Mar 1, 2024.
             Was a Believer of Beogh.
             Slain by a yak (8 damage)
             ... on level 6 of the Dungeon.
             The game lasted 00:15:01 (5766 turns).

hito the Carver (Coglin Gladiator)                  Turns: 5766, Time: 00:15:02

HP:   -2/60 (61)    AC:  6    Str: 14    XL:     9   Next: 56%
MP:   9/9           EV: 13    Int:  7    God:    Beogh [**....]
Gold: 48            SH:  0    Dex: 21    Spells: 8/8 levels left

rFire   . . .        F - +1 long sword {Tejnoor}
rCold   . . .        z - +2 short sword (venom) {Tae}
rNeg    . . .        b - +0 leather armour
rPois   .            c - +0 helmet
rElec   .            (no cloak)
rCorr   .            f - +0 pair of gloves
SInv    .            q - +0 pair of boots
Will    .....        (amulet unavailable)
Stlth   ++           (ring unavailable)
HPRegen 0.30/turn    (ring unavailable)
MPRegen 0.11/turn    (no gizmo)

%: no passive effects
@: lightly drained, revved
A: off-hand wielding, slow wielding, warmup strikes, no jewellery
a: Invent Gizmo, Renounce Religion, Smiting


You were on level 6 of the Dungeon.
You worshipped Beogh.
Beogh was pleased with you.
You visited 2 branches of the dungeon, and saw 8 of its levels.
You also visited: Ossuary.

You collected 384 gold pieces.
You spent 336 gold pieces at shops.

Inventory:

Hand Weapons
 u - a +1 dagger of flaming {Mirko}
 z - a +2 short sword of venom (offhand) {Tae}
 F - a +1 long sword (weapon) {Tejnoor}
Missiles
 d - 2 throwing nets
 e - 6 javelins (quivered)
 y - 5 poisoned darts
Armour
 b - a +0 leather armour (worn)
 c - a +0 helmet (worn)
 f - a +0 pair of gloves (worn)
 q - a +0 pair of boots (worn)
Wands
 v - a wand of mindburst (17)
Scrolls
 g - a scroll of enchant armour {unknown}
 l - 4 scrolls of teleportation
 s - 3 scrolls of immolation
 t - a scroll of summoning {unknown}
 w - 2 scrolls of noise {unknown}
 x - a scroll of amnesia {unknown}
 A - a scroll of silence {unknown}
 C - a scroll of fog {unknown}
 D - 2 scrolls of vulnerability {unknown}
 E - a scroll of brand weapon {unknown}
Potions
 a - a potion of cancellation
 h - 2 potions of lignification
 i - a potion of might {unknown}
 j - a potion of enlightenment {unknown}
 k - a potion of berserk rage {unknown}
 m - 5 potions of ambrosia
 n - 2 potions of invisibility {unknown}
 o - a potion of mutation {unknown}
 p - 8 potions of curing
 r - 2 potions of heal wounds
 B - a potion of magic
 H - 2 potions of resistance
 I - 2 potions of haste
 J - a potion of attraction {unknown}


   Skills:
 - Level 2.0 Fighting
 + Level 12.9 Long Blades
 - Level 1.7 Throwing
 - Level 2.6 Dodging


You had 8 spell levels left.
You didn't know any spells.
Your spell library contained the following spells:

 Spells                   Type           Power      Damage    Failure   Level
 Apportation              Tloc           0%         N/A       52%         1
 Necrotise                Necr           0%         1d4       52%         1
 Summon Small Mammal      Summ           0%         N/A       52%         1
 Jinxbite                 Hex            0%         N/A       65%         2
 Call Canine Familiar     Summ           0%         N/A       87%         3
 Vampiric Draining        Necr           0%         2d6       87%         3
 Martyr's Knell           Necr/Summ      0%         N/A       99%         4
 Summon Blazeheart Golem  Fire/Summ      0%         N/A       99%         4
 Alistair's Intoxication  Alch           0%         N/A       100%        5
 Curse of Agony           Necr           0%         N/A       100%        5


Dungeon Overview and Level Annotations

Branches:
Dungeon (7/15)             Temple (1/1) D:6         Ossuary (visited)

Altars:
Ashenzari
Dithmenos
Gozag
Kikubaaqudgha
Makhleb
Nemelex Xobeh
Okawaru
Qazlal
Sif Muna
Trog
Uskayaw
Wu Jian
Xom
Yredelemnul
Zin
The Shining One

Shops:
D:6 *   D:7 !


Innate Abilities, Weirdness & Mutations

Your facial features look somewhat orcish.
You can wield a second weapon in your off-hand.
It takes a long time for you to wield or remove held weapons.
Your first few attacks do less damage.
You cannot equip rings or amulets.


Message History

The yak is heavily wounded.
You puncture the yak with your +2 short sword of venom!
The yak is poisoned.
You barely miss the yak with your +2 short sword of venom.
The yak is severely wounded.
You hit the yak with your +1 long sword.
The yak gores you! The yak completely misses you.
You hit the yak with your +2 short sword of venom.
The yak is almost dead.
You barely miss the yak with your +1 long sword.
The yak closely misses you. The yak gores you!
You hit the yak with your +2 short sword of venom.
The yak looks as sick as possible!
The yak is almost dead.
You barely miss the yak with your +1 long sword.
You hit the yak with your +1 long sword.
You kill the yak!
Beogh accepts your kill. The yak gores you but does no damage.
You hit the yak but do no damage.
The yak is poisoned.
You slash the yak with your +1 long sword!
The yak gores you!
* * * LOW HITPOINT WARNING * * *
You slash the yak with your +1 long sword!
The yak is heavily wounded.
You hit the yak but do no damage.
The yak looks as sick as possible!
You hit the yak but do no damage.
The yak looks as sick as possible!
The yak is severely wounded.
You barely miss the yak with your +1 long sword.
The yak closely misses you.
You hit the yak with your +1 long sword.
The yak is severely wounded.
You hit the yak with your +2 short sword of venom.
The yak looks as sick as possible!
The yak gores you!
* * * LOW HITPOINT WARNING * * *
Aiming: Smiting
Press: ? - help, Dir - move target, f - yak Smite: a yak (almost dead, extremely poisoned)
You fail to use your ability.
The yak gores you!
You die...

# #.###...#.### #
#.....#.#...#
#####...###.#
#########.## #.# #
#.........# ##.##
###.####.######...####
.##.###.......<......#
..#.##.#.#.####[[Y##.#
................@###.#
###.##.#.#.####### #.#
..#.###...## #.#
..#.####.####### #.#
..#......รท.....# #.#
..######.#####.## #.#
..# #.####...####.#
..# #......#......#
..# ######...######


You could see a yak (extremely poisoned).

Vanquished Creatures
  Pikel (D:7)
  A yak (D:6)
  Menkaure (D:4)
  A water moccasin (D:7)
  A sky beast (D:6)
  2 ogres
  2 phantoms
  A bullfrog (D:7)
  2 scorpions
  6 wights
  A burial acolyte (Ossuary)
  4 bombardier beetles
  3 hounds
  2 jellies
  2 orc priests (D:7)
  A sleepcap (D:4)
  4 iguanas
  4 orc wizards
  A mummy (Ossuary)
  A gnoll (D:5)
  7 adders
  A shadow imp (D:5)
  A white imp (D:5)
  A ribbon worm (D:2)
  A dart slug (D:3)
  22 orcs
  4 bats
  4 endoplasms
  3 giant cockroaches
  9 goblins
  3 hobgoblins
  6 kobolds
  A quokka (D:1)
  6 ball pythons
  4 frilled lizards
  7 gnoll skeletons (Ossuary)
  7 kobold skeletons (Ossuary)
  6 orc skeletons (Ossuary)
  6 rats
140 creatures vanquished.

Vanquished Creatures (others)
  An orc warrior (D:7)
  An orc (D:7)
2 creatures vanquished.

Grand Total: 142 creatures vanquished

Notes
Turn   | Place    | Note
-------+----------+-------------------------------------------
     0 | D:1      | hito the Coglin Gladiator began the quest for the Orb.
     0 | D:1      | Reached XP level 1. HP: 16/16 MP: 1/1
   184 | D:1      | Reached XP level 2. HP: 13/22 MP: 2/2
   458 | D:1      | Found a faded altar of an unknown god.
   741 | D:2      | Reached skill level 4 in Long Blades
   741 | D:2      | Reached XP level 3. HP: 15/27 MP: 3/3
  1693 | D:3      | Found a stormy altar of Qazlal.
  1775 | D:3      | Noticed an ogre
  1791 | D:3      | Killed an ogre
  1792 | D:3      | Reached skill level 5 in Long Blades
  1792 | D:3      | Reached XP level 4. HP: 33/33 MP: 4/4
  1792 | D:3      | Reached XP level 5. HP: 38/38 MP: 5/5
  2218 | D:4      | Reached skill level 6 in Long Blades
  2265 | D:4      | Reached XP level 6. HP: 22/44 MP: 6/6
  2565 | D:4      | Reached skill level 7 in Long Blades
  2576 | D:4      | Noticed Menkaure
  2587 | D:4      | Killed Menkaure
  2750 | D:4      | Reached skill level 8 in Long Blades
  2750 | D:4      | Reached XP level 7. HP: 50/50 MP: 7/7
  3096 | D:4      | Found a shadowy altar of Dithmenos.
  3278 | D:5      | Entered Level 5 of the Dungeon
  3529 | D:5      | Reached skill level 9 in Long Blades
  3658 | D:5      | Became a worshipper of Beogh the Shepherd
  3685 | D:5      | Reached XP level 8. HP: 52/56 MP: 8/8
  3730 | D:5      | Found a glowing golden altar of the Shining One.
  3788 | D:5      | Found a bloodstained altar of Trog.
  3794 | D:5      | Found a basalt altar of Yredelemnul.
  4055 | D:6      | Found Nele's Lightly-Used Armoury.
  4216 | D:6      | Reached skill level 10 in Long Blades
  4357 | D:6      | Found a staircase to the Ecumenical Temple.
  4391 | Temple   | Entered the Ecumenical Temple
  4747 | D:7      | Noticed Pikel
  4760 | D:7      | Killed Pikel
  4761 | D:7      | Reached skill level 11 in Long Blades
  4761 | D:7      | Reached XP level 9. HP: 29/61 MP: 9/9
  4989 | D:7      | Reached * piety under Beogh
  4990 | D:7      | Reached skill level 12 in Long Blades
  5210 | D:7      | Found Zaaps's Distillery.
  5222 | D:7      | Found a sand-covered staircase.
  5290 | Ossuary  | Entered an ossuary
  5419 | Ossuary  | Reached ** piety under Beogh
  5642 | D:7      | Bought a potion of curing for 48 gold pieces
  5642 | D:7      | Bought a potion of cancellation for 128 gold pieces
  5642 | D:7      | Bought a potion of resistance for 160 gold pieces
  5766 | D:6      | Slain by a yak

Illustrated notes

Levels and vault maps discovered:
D:1:      psy_arrival_fountain, layout_rooms, chequers_ecumenical_altar_twisty
D:2:      layout_basic, nrook_campfire
D:3:      layout_loops_cross, nicolae_qazlal_general_emergency
D:4:      layout_loops_ring, grunt_dithmenos_smoke, uniq_menkaure
D:5:      layout_rooms, grunt_temple_overflow_open, amcnicky_altar_gilded
D:6:      layout_loops_ring, minmay_temple_entry_water_ring, minmay_shop_damaged
D:7:      layout_basic, nicolae_ossuary_entry_false_entrances, serial_shops,
          nicolae_shop_advertising_works [nicolae_subvault_shop_adworks],
          minivault_26, uniq_pikel
Temple:   grunt_temple_mini_profane

Skill      XL: |  1  2  3  4  5  6  7  8  9 |
---------------+----------------------------+-----
Long Blades    | 4 5 6 8 9 11 12 | 12.9
Fighting       | |  2.0
Throwing       | |  1.7
Dodging        | |  2.6

Action                     |  1- 3 |  4- 6 |  7- 9 || total
---------------------------+-------+-------+-------++-------
  Melee: Long sword        |    86 |    49 |   222 ||   357
         Dagger            |    76 |    42 |    50 ||   168
         Falchion          |     7 |     3 |       ||    10
         Short sword       |       |       |   159 ||   159
  Throw: Javelin           |     1 |       |       ||     1
         Throwing net      |     1 |       |       ||     1
 Invoke: Convert to Beogh  |       |       |     1 ||     1
    Use: Scroll            |       |       |     8 ||     8
   Stab: Held in net/web   |     2 |       |       ||     2
         Sleeping          |     1 |     2 |     2 ||     5
 Armour: Leather armour    |    63 |    19 |   118 ||   200
  Dodge: Dodged            |    52 |    23 |   114 ||   189

Table legend: (Time is in decaauts)
 A = Elapsed time spent in this place.
 B = Non-inter-level travel time spent in this place.
 C = Inter-level travel time spent in this place.
 D = Time resting spent in this place.
 E = Time spent auto-exploring this place.
 F = Levels seen in this place.
 G = Mean time per level.
                   A        B        C        D        E       F      G
               +--------+--------+--------+--------+--------+-----+--------+
         Total |   5719 |   5515 |    204 |   1071 |   2945 |   9 |  635.4 |
       Dungeon |   5454 |   5250 |    204 |   1071 |   2892 |   7 |  779.1 |
        Temple |      1 |      1 |      0 |      0 |      0 |   1 |    1.0 |
       Ossuary |    263 |    263 |      0 |      0 |     53 |   1 |  263.0 |
               +--------+--------+--------+--------+--------+-----+--------+

Top non-repeatable levels by time:
     D:4: 1354 daAuts
     D:2: 1016 daAuts
     D:6: 880 daAuts
     D:3: 681 daAuts
     D:7: 533 daAuts
     D:1: 496 daAuts
     D:5: 491 daAuts
 Ossuary: 263 daAuts
  Temple: 1 daAuts
